 Dungeon Crawl Stone Soup version 0.31-a0-881-ge136f0c47a (webtiles) character file.

Game seed: 15806071892736606487

2076 Spaninq the Mimic (level 9, -2/106 HPs)
             Began as a Demonspawn Shapeshifter on Oct 15, 2023.
             Was an Initiate of Qazlal.
             Slain by a killer bee (7 damage)
             ... on level 8 of the Dungeon.
             The game lasted 00:16:41 (6842 turns).

Spaninq the Mimic (Demonspawn Shapeshifter)         Turns: 6842, Time: 00:16:41

Health: -2/106     AC: 24    Str: 19    XL:     9   Next: 6%
Magic:  9/9        EV:  2    Int: 11    God:    Qazlal [......]
Gold:   450        SH:  0    Dex: 13    Spells: 8/8 levels left

rFire   . . .        K - +5 halberd
rCold   . . .        (shield currently unavailable)
rNeg    . . .        x - melded +0 chain mail
rPois   +            (helmet currently unavailable)
rElec   .            (cloak currently unavailable)
rCorr   .            (gloves currently unavailable)
SInv    .            (boots currently unavailable)
Will    .....        (no amulet)
Stlth   +            s - ring of flight
HPRegen 0.37/turn    (no ring)
MPRegen 0.11/turn

%: no passive effects
@: tree-form
A: stationary, stasis, torment immunity, boosted hp, (horns 2), demonic guardian
1, (spiny 1)
a: Renounce Religion


You were on level 8 of the Dungeon.
You worshipped Qazlal.
Qazlal was noncommittal.
You were a tree.
You visited 2 branches of the dungeon, and saw 9 of its levels.

You collected 450 gold pieces.

Inventory:

Hand Weapons
 K - a +5 halberd (weapon)
Armour
 w - a +0 pair of gloves
 x - a +0 chain mail (melded)
 L - a +2 kite shield
Jewellery
 s - a ring of flight (left branch)
Talismans
 c - a beast talisman
 d - a flux talisman
 o - a serpent talisman
 D - a granite talisman
 E - a blade talisman
Wands
 p - a wand of iceblast (13)
 q - a wand of mindburst (13)
 y - a wand of paralysis (6)
 F - a wand of flame (22)
Scrolls
 e - a scroll of vulnerability {unknown}
 f - a scroll of poison {unknown}
 i - a scroll of teleportation {unknown}
 m - 3 scrolls of immolation {unknown}
 r - a scroll of acquirement {unknown}
 t - 2 scrolls of fog {unknown}
 v - 2 scrolls of enchant weapon {unknown}
 z - a scroll of fear {unknown}
 A - 2 scrolls of noise {unknown}
 B - a scroll of amnesia {unknown}
 H - a scroll of silence {unknown}
Potions
 a - a potion of brilliance {unknown}
 b - 2 potions of lignification
 g - 6 potions of curing {unknown}
 h - 3 potions of haste {unknown}
 j - a potion of enlightenment {unknown}
 k - 2 potions of invisibility {unknown}
 l - 2 potions of might {unknown}
 n - a potion of cancellation {unknown}
 u - 2 potions of resistance {unknown}
 C - 3 potions of heal wounds {unknown}
 G - a potion of attraction {unknown}
 I - a potion of mutation {unknown}
 J - 2 potions of magic {unknown}


   Skills:
 + Level 6.7 Fighting
 - Level 2.0 Armour
 - Level 2.0 Dodging
 - Level 2.8 Unarmed Combat
 * Level 8.4 Shapeshifting


You had 8 spell levels left.
You didn't know any spells.
Your spell library contained the following spells:

 Spells                   Type           Power      Damage    Failure   Level
 Lesser Beckoning         Tloc           0%         N/A       47%         2
 Sublimation of Blood     Necr           0%         N/A       47%         2
 Wereblood                Tmut           0%         N/A       47%         2
 Dazzling Flash           Conj/Hex       0%         N/A       71%         3
 Gell's Gravitas          Tloc           0%         N/A       71%         3
 Teleport Other           Tloc           0%         N/A       71%         3
 Animate Dead             Necr           0%         N/A       98%         4
 Agony                    Necr           0%         N/A       100%        5
 Borgnjor's Vile Clutch   Necr/Erth      0%         N/A       100%        5
 Silence                  Hex/Air        0%         N/A       100%        5
 Death Channel            Necr           0%         N/A       100%        6
 Summon Hydra             Summ           0%         N/A       100%        7


Dungeon Overview and Level Annotations

Branches:
Dungeon (8/15)             Temple (1/1) D:7
   Lair: D:8-11

Altars:
Cheibriados
Dithmenos
Fedhas
Gozag
Hepliaklqana
Kikubaaqudgha
Makhleb
Nemelex Xobeh
Okawaru
Qazlal
Ru
Sif Muna
Trog
Uskayaw
Vehumet
Wu Jian
Xom
Yredelemnul

Annotations:
D:4 exclusion: door
D:5 exclusion: door


Innate Abilities, Weirdness & Mutations

You are a tree.
Your roots penetrate the ground, keeping you stationary.
You cannot be teleported.
You are immune to unholy pain and torment.
Your maximum health is greatly increased.
Your equipment is partially melded.
((You have a pair of horns on your head.))
A weak demonic guardian rushes to your aid.
((You are partially covered in sharp spines.))


Message History

Press: ? - help, Dir - move target, f - killer bee
Aim: a killer bee (ally target, about 60% to evade your +5 halberd)
You reach to attack!
You miss the killer bee.
You feel sick.
The killer bee is struck by your spines.
The killer bee stings you. The killer bee stings you!
* * * LOW HITPOINT WARNING * * *
You feel sick.
Your white imp barely misses the killer bee.
The killer bee completely misses you.
You see here a +0 chain mail.
You closely miss the killer bee.
The killer bee is lightly wounded.
You feel sick. The killer bee stings you!
* * * LOW HITPOINT WARNING * * *
The killer bee stings you but does no damage.
Your white imp hits the killer bee but does no damage.
The killer bee is struck by your spines.
The killer bee stings you.
* * * LOW HITPOINT WARNING * * *
Your transformation has ended.
You turn into a tree.
Your +0 chain mail melds into your body.
Your roots penetrate the ground.
You feel sick.
The killer bee stings you but does no damage.
Your white imp misses the killer bee.
The killer bee barely misses you.
You barely miss the killer bee.
The killer bee is moderately wounded.
You feel sick.
You are no longer poisoned.
The killer bee stings you but does no damage.
The killer bee stings you.
* * * LOW HITPOINT WARNING * * *
Your white imp barely misses the killer bee.
The killer bee stings you but does no damage.
Your white imp hits the killer bee but does no damage.
You slash the killer bee!
The killer bee is almost dead.
The killer bee stings you but does no damage.
The killer bee stings you!
You die...

#####
#...#
###.#.#
#<..#.#
#####.#
#5♣...#
#y#####
#†# #.#
#.# #.#
#.# #?#
#.#


You could see a killer bee (ally target) and a friendly white imp (summoned).

Vanquished Creatures
  A water moccasin (D:7)
  A sky beast (D:6)
  A black bear (D:7)
  A centaur (D:7)
  3 phantoms
  A kobold brigand (D:7)
  A gnoll sergeant (D:7)
  9 wights
  5 killer bees
  A howler monkey (D:5)
  2 jellies (D:5)
  A hound (D:5)
  An orc priest (D:5)
  3 sleepcaps
  2 iguanas
  3 orc wizards
  8 adders
  7 gnolls
  2 shadow imps
  A white imp (D:6)
  5 ufetubi
  2 worms
  2 dart slugs
  18 orcs
  8 ball pythons
  3 endoplasms
  6 giant cockroaches
  6 hobgoblins
  12 kobolds
  4 quokkas
  8 bats
  2 frilled lizards
  4 goblins
  5 rats
139 creatures vanquished.

Vanquished Creatures (collateral kills)
  3 orcs (D:5)
3 creatures vanquished.

Grand Total: 142 creatures vanquished

Notes
Turn   | Place    | Note
-------+----------+-------------------------------------------
     0 | D:1      | Spaninq the Demonspawn Shapeshifter began the quest for the
                  | Orb.
     0 | D:1      | Reached XP level 1. HP: 15/15 MP: 1/1
   212 | D:1      | Gained mutation: A weak demonic guardian rushes to your
                  | aid. [demonic ancestry]
   212 | D:1      | Reached XP level 2. HP: 18/21 MP: 2/2
   384 | D:1      | Reached skill level 3 in Shapeshifting
   833 | D:2      | Reached XP level 3. HP: 27/27 MP: 3/3
  1119 | D:2      | Reached XP level 4. HP: 33/33 MP: 4/4
  1831 | D:3      | Reached skill level 4 in Shapeshifting
  2254 | D:4      | Gained mutation: You have a pair of small horns on your
                  | head. [demonic ancestry]
  2254 | D:4      | Reached XP level 5. HP: 5/34 MP: 5/5
  2675 | D:4      | Reached skill level 1 in Armour
  2785 | D:4      | Found a shimmering blue altar of Sif Muna.
  2988 | D:4      | Gained mutation: You have a pair of horns on your head.
                  | [demonic ancestry]
  2988 | D:4      | Reached XP level 6. HP: 29/47 MP: 6/6
  3502 | D:5      | Entered Level 5 of the Dungeon
  3702 | D:5      | Reached skill level 5 in Shapeshifting
  3907 | D:5      | Reached XP level 7. HP: 44/54 MP: 7/7
  4706 | D:6      | Reached skill level 6 in Shapeshifting
  5518 | D:6      | Reached skill level 5 in Fighting
  5550 | D:7      | Gained mutation: You are partially covered in sharp spines.
                  | [demonic ancestry]
  5550 | D:7      | Reached XP level 8. HP: 43/62 MP: 8/8
  5625 | D:7      | Identified the +1 ring mail of Wisdom {rC++}
  5717 | D:7      | Reached skill level 7 in Shapeshifting
  5719 | D:7      | HP: 2/57 [wight/+5 halberd (5)]
  6383 | D:7      | Reached skill level 8 in Shapeshifting
  6625 | D:7      | Found a staircase to the Ecumenical Temple.
  6632 | Temple   | Entered the Ecumenical Temple
  6652 | Temple   | Became a worshipper of Qazlal Stormbringer
  6835 | D:8      | Reached XP level 9. HP: 51/71 MP: 9/9
  6841 | D:8      | HP: 5/106 [killer bee (2)]
  6842 | D:8      | Slain by a killer bee

Illustrated notes

Levels and vault maps discovered:
D:1:      wander_arrival_chamber, layout_loops_ring, minmay_fountain_box,
          hex_medium, nicolae_the_louvre
D:2:      wad_crossroads, layout_basic
D:3:      layout_basic, wad_floor_pattern_1
D:4:      layout_loops_ring, led_sif_book
D:5:      layout_basic
D:6:      layout_basic, serial_demonic, serial_demonic_a, serial_demonic_a,
          serial_demonic_e, serial_demonic_d
D:7:      layout_basic, minmay_temple_entry_nine_rooms
D:8:      due_chaos_kobolds, layout_basic, nicolae_overflow_hidden_temple,
          chequers_guarded_unrand_ignorance
Temple:   nicolae_temple_bog_church

Skill      XL: |  1  2  3  4  5  6  7  8 |
---------------+-------------------------+-----
Dodging        | 2 |  2.0
Shapeshifting  | 3 4 5 6 8 |  8.4
Fighting       | 2 3 4 5 6 |  6.7
Armour         | 1 2 |  2.0
Unarmed Combat | |  2.8

Action                     |  1- 3 |  4- 6 |  7- 9 || total
---------------------------+-------+-------+-------++-------
  Melee: Unarmed           |    97 |   198 |   108 ||   403
         Punch             |     2 |     4 |       ||     6
         Headbutt          |       |    27 |    28 ||    55
         Halberd           |       |       |    53 ||    53
  Evoke: Wand              |       |       |     4 ||     4
    Use: Potion            |       |       |     1 ||     1
   Stab: Sleeping          |     1 |     2 |       ||     3
         Distracted        |       |       |     1 ||     1
 Armour: Animal skin       |    51 |    18 |       ||    69
         Scale mail        |       |    26 |       ||    26
         Chain mail        |       |    91 |   140 ||   231
         Skin              |       |       |     6 ||     6
  Dodge: Dodged            |    58 |    97 |    56 ||   211

Table legend: (Time is in decaauts)
 A = Elapsed time spent in this place.
 B = Non-inter-level travel time spent in this place.
 C = Inter-level travel time spent in this place.
 D = Time resting spent in this place.
 E = Time spent auto-exploring this place.
 F = Levels seen in this place.
 G = Mean time per level.
                   A        B        C        D        E       F      G
               +--------+--------+--------+--------+--------+-----+--------+
         Total |   6848 |   6447 |    401 |    328 |   4840 |   9 |  760.9 |
       Dungeon |   6808 |   6426 |    382 |    328 |   4840 |   8 |  851.0 |
        Temple |     40 |     21 |     19 |      0 |      0 |   1 |   40.0 |
               +--------+--------+--------+--------+--------+-----+--------+

Top non-repeatable levels by time:
     D:7: 1277 daAuts
     D:4: 1151 daAuts
     D:5: 1044 daAuts
     D:2: 995 daAuts
     D:6: 967 daAuts
     D:1: 711 daAuts
     D:3: 630 daAuts
  Temple: 40 daAuts
     D:8: 28 daAuts
